 Dungeon Crawl Stone Soup version 0.29.0-4-gdea44cf6ec (webtiles) character file.

Game seed: 5900434652885237605

54 qw the Chopper (level 3, -3/21 HPs)
             Began as a Tengu Warper on Aug 28, 2022.
             Slain by an orc
             ... wielding a +0 flail
              (5 damage)
             ... on level 2 of the Dungeon.
             The game lasted 00:00:08 (1641 turns).

qw the Chopper (Tengu Warper)                       Turns: 1641, Time: 00:00:08

Health: -3/21      AC:  6    Str: 13    XL:     3   Next: 91%
Magic:  7/7        EV:  7    Int: 13    God:
Gold:   32         SH:  7    Dex: 13    Spells: 6/6 levels left

rFire   . . .      SeeInvis .   Y - +0 hand axe
rCold   . . .      Faith    .   d - +0 kite shield
rNeg    . . .      Spirit   .   h - +0 scale mail
rPois   .          Reflect  .   (helmet restricted)
rElec   .          Harm     .   (no cloak)
rCorr   .          Rampage  .   (no gloves)
Will    .....                   (boots unavailable)
Stlth   ..........              (no amulet)
HPRegen 0.07/turn               (no ring)
MPRegen 0.10/turn               (no ring)

@: no status effects
A: beak, talons 3
a: no special abilities


You were on level 2 of the Dungeon.
You visited 1 branch of the dungeon, and saw 2 of its levels.

You collected 66 gold pieces.
You spent 34 gold pieces at shops.


Innate Abilities, Weirdness & Mutations

You have a beak for a mouth.
You have claws for feet.


   Skills:
 - Level 2.0 Fighting
 - Level 4.3 Axes
 - Level 1.0 Throwing
 - Level 1.1 Armour
 - Level 2.1 Dodging
 + Level 0.9 Shields
 - Level 2.0 Spellcasting
 - Level 2.4 Translocations


You had 6 spell levels left.
You didn't know any spells.
Your spell library contained the following spells:

 Spells                   Type           Power      Damage    Failure   Level
 Blink                    Tloc           14%        N/A       94%         2
 Gell's Gravitas          Tloc           7%         N/A       99%         3
 Lesser Beckoning         Tloc           7%         N/A       99%         3
 Teleport Other           Tloc           7%         N/A       99%         3
 Manifold Assault         Tloc           7%         N/A       100%        5

Inventory:

Hand Weapons
 i - a +0 whip
 Y - a +0 hand axe (weapon)
Armour
 d - a +0 kite shield (worn)
 h - a +0 scale mail (worn)
Potions
 e - a potion of degeneration {unknown}
 g - a potion of curing {unknown}
 k - a potion of lignification {unknown}
 l - a potion of haste {unknown}

Dungeon Overview and Level Annotations

Branches:
Dungeon (2/15)

Altars:

Shops:
D:1 *


Message History

HP restored.
Items here: %%%%.
An orc comes into view. It is wielding a +0 club.
The orc shouts!
You hear a shout!
An orc comes into view. It is wielding a +0 hand axe.
The orc shouts!
A giant cockroach comes into view.
An orc comes into view. It is wielding a +0 flail.
The orc shouts!
An orc priest comes into view. It is wielding a +0 whip.
An orc comes into view. It is wielding a +0 short sword.
The orc priest shouts!
The orc shouts!
You hit the orc but do no damage. Your kick misses the orc.
Your peck misses the orc. The orc barely misses you.
You block the orc's attack. The orc hits you with a +0 hand axe.
A kobold comes into view. It is wielding a +0 dagger.
You closely miss the orc.
The kobold shouts!
You peck the orc.
The orc is severely wounded.
You hit the orc.
You hit the giant cockroach but do no damage.
The giant cockroach bites you but does no damage. x2
You hit the orc.
You kill the orc!
You hit the giant cockroach.
You kill the giant cockroach!
You hit the orc but do no damage. You hit the orc.
The orc hits you with a +0 flail. The orc barely misses you.
You hit the orc but do no damage. You peck the orc.
The orc is severely wounded.
You completely miss the orc. You barely miss the orc priest.
You block the orc's attack.
The orc priest mumbles some strange prayers to Beogh against you.
Pain shoots through your body! The orc hits you with a +0 club.
You block the orc's attack. The orc completely misses you.
The orc priest casts a cantrip, but nothing happens.
The orc hits you with a +0 flail.
You die...

.#...
#....
....#
...#####
#.K#.!.#
#...#..#
#ooo.#.#
#)@o..#
#.#
#...###
#.# ##.##
#.# #.#
#.# #.#
#.# #.# #
#.#
#.########
# #.#
#.........
######.###
#.########


You could see an orc priest, 3 orcs and a kobold.

Vanquished Creatures
  A gnoll (D:1)
  2 dart slugs (D:1)
  An orc (D:2)
  6 endoplasms (D:1)
  A giant cockroach (D:2)
  A goblin (D:1)
  2 hobgoblins (D:1)
  7 jackals
  4 kobolds (D:1)
  A quokka (D:1)
  A bat (D:2)
  7 frilled lizards (D:1)
  4 rats
38 creatures vanquished.

Vanquished Creatures (others)
  4 plants (D:1)
4 creatures vanquished.

Grand Total: 42 creatures vanquished

Notes
Turn   | Place    | Note
-------+----------+-------------------------------------------
     0 | D:1      | qw the Tengu Warper began the quest for the Orb.
     0 | D:1      | Reached XP level 1. HP: 12/12 MP: 4/4
     0 | D:1      | 0 ||| qw: Version: 0.1-a-89-g26bdef1
     0 | D:1      | 0 ||| qw: Game counter: 249
     0 | D:1      | 0 ||| qw: Always use a shield: true
     0 | D:1      | 0 ||| qw: God list: Okawaru
     0 | D:1      | 0 ||| qw: Allow faded altars: false
     0 | D:1      | 0 ||| qw: Do Orc after D:15 true
     0 | D:1      | 0 ||| qw: Do second Lair branch before Depths: true
     0 | D:1      | 0 ||| qw: Lair rune preference: random
     0 | D:1      | 0 ||| qw: Plans: Normal
     0 | D:1      | 0 ||| PLANNING D:1-11
    68 | D:1      | 68 ||| Stepping ~*~*~tactically~*~*~ (hiding).
    69 | D:1      | 69 ||| Stepping ~*~*~tactically~*~*~ (hiding).
   163 | D:1      | 163 ||| Stepping ~*~*~tactically~*~*~ (hiding).
   168 | D:1      | Reached XP level 2. HP: 12/17 MP: 6/6
   287 | D:1      | Reached skill level 3 in Axes
   324 | D:1      | 324 ||| Stepping ~*~*~tactically~*~*~ (stealth).
   325 | D:1      | 325 ||| Stepping ~*~*~tactically~*~*~ (stealth).
   358 | D:1      | 358 ||| Stepping ~*~*~tactically~*~*~ (stealth).
   359 | D:1      | 359 ||| Stepping ~*~*~tactically~*~*~ (stealth).
   360 | D:1      | 360 ||| Stepping ~*~*~tactically~*~*~ (stealth).
   361 | D:1      | 361 ||| Stepping ~*~*~tactically~*~*~ (stealth).
   538 | D:1      | HP: 4/17 [gnoll/+0 club (2)]
   539 | D:1      | HP: 1/17 [gnoll/+0 club (3)]
   541 | D:1      | Reached XP level 3. HP: 1/21 MP: 7/7
   607 | D:1      | 607 ||| Stepping ~*~*~tactically~*~*~ (stealth).
   610 | D:1      | 610 ||| Stepping ~*~*~tactically~*~*~ (stealth).
   617 | D:1      | Reached skill level 4 in Axes
   960 | D:1      | 960 ||| DROPPING +0 club.
  1228 | D:1      | Found Rashod's Assorted Antiques.
  1240 | D:1      | 1240 ||| SHOPLISTING +2 cloak of the Thief {*Fog Slay-2
                  | SInv Stlth+} (381 gold, have 34).
  1240 | D:1      | 1240 ||| SHOPLISTING encrusted gilded ring (95 gold, have
                  | 34).
  1240 | D:1      | 1240 ||| BUYING fuming purple potion (17 gold).
  1240 | D:1      | Bought a fuming purple potion for 17 gold pieces
  1240 | D:1      | 1240 ||| BUYING golden potion (17 gold).
  1240 | D:1      | Bought a golden potion for 17 gold pieces
  1240 | D:1      | 1240 ||| SHOPLISTING shiny ring mail (133 gold, have 0).
  1497 | D:1      | 1497 ||| UPGRADING to +0 kite shield.
  1502 | D:1      | 1502 ||| UPGRADING to +0 scale mail.
  1512 | D:1      | 1512 ||| DROPPING +0 leather armour.
  1513 | D:1      | 1513 ||| READING scroll labelled TUDEOSS TUDYAD.
  1514 | D:1      | 1514 ||| READING scroll labelled WUSIFO HUOV.
  1519 | D:1      | 1519 ||| DROPPING scroll of blinking.
  1551 | D:2      | 1551 ||| STAIRDANCE
  1641 | D:2      | HP: 5/21 [orc priest/nerve-wracking pain (8)]
  1641 | D:2      | HP: 2/21 [orc/+0 club (3)]
  1641 | D:2      | Slain by an orc

Levels and vault maps discovered:
D:1:      ebering_trefoil_twist, layout_loops_ring, serial_shops, shop,
          minmay_lizard_king
D:2:      layout_loops_ring, hangedman_decor_diamond_cutter,
          minmay_misc_feat_cross, uniq_jessica

Skill      XL: |  1  2  3 |
---------------+----------+-----
Axes           | 3 4 |  4.3
Fighting       | |  2.0
Throwing       | |  1.0
Armour         | |  1.1
Dodging        | |  2.1
Shields        | |  0.9
Spellcasting   | |  2.0
Translocations | |  2.4

Action                   || total
-------------------------++-------
Melee: Hand axe          ||    87
       Kick              ||    23
       Peck              ||     9
       Punch             ||     1
Throw: Boomerang         ||     7
  Use: Scroll            ||     2
Armor: Leather armour    ||     8
       Scale mail        ||     6
Dodge: Dodged            ||    47
Block: Kite shield       ||     8

Table legend:
 A = Non-vault XP
 B = Vault XP
 C = Vault XP percentage of total XP
 D = Non-vault monster count
 E = Vault monster count
 F = Vault count percentage of total count
                 A         B        C        D         E       F
            +---------+---------+-------+---------+---------+-------
      Total |      72 |       6 |   7.7 |      32 |       6 |  15.8
            +---------+---------+-------+---------+---------+-------
        D:1 |      59 |       6 |   9.2 |      25 |       6 |  19.4
        D:2 |      13 |       0 |   0.0 |       7 |       0 |   0.0
            +---------+---------+-------+---------+---------+-------
